 Dungeon Crawl Stone Soup version 0.24.1 (webtiles) character file.

Game seed: 11428905588855946519, levelgen mode: deterministic

777 Mahalath the Shield-Bearer (level 7, -5/61 HPs)
             Began as a Minotaur Fighter on Apr 5, 2020.
             Killed by divine providence
             ... invoked by an orc priest
              (14 damage)
             ... on level 5 of the Dungeon.
             The game lasted 00:19:24 (1474 turns).

Mahalath the Shield-Bearer (Minotaur Fighter)       Turns: 1474, Time: 00:19:25

Health: -5/61      AC:  8    Str: 22    XL:     7   Next: 54%
Magic:  6/6        EV: 10    Int:  5    God:
Gold:   145        SH:  5    Dex: 10    Spells: 6/6 levels left

rFire    . . .     SeeInvis .   a - +0 flail
rCold    . . .     Gourm    .   k - +0 buckler
rNeg     . . .     Faith    .   b - +0 scale mail
rPois    .         Spirit   .   (helmet restricted)
rElec    .         Reflect  .   (no cloak)
rCorr    .         Harm     .   (no gloves)
MR       .....                  h - +0 pair of boots
Stlth    ..........             (no amulet)
HPRegen  0.20/turn              (no ring)
MPRegen  0.10/turn              (no ring)

@: flying
A: retaliatory headbutt, horns 2
a: no special abilities


You were on level 5 of the Dungeon.
You were not hungry.

You visited 1 branch of the dungeon, and saw 5 of its levels.

You collected 145 gold pieces.

Inventory:

Hand Weapons
 a - a +0 flail (weapon)
 d - a cursed -2 long sword
Missiles
 j - 21 poisoned darts (quivered)
Armour
 b - a +0 scale mail (worn)
 c - a +0 shield
 h - a +0 pair of boots (worn)
 k - a +0 buckler (worn)
Scrolls
 e - a scroll of magic mapping {unknown}
 l - 2 scrolls of identify
 m - 2 scrolls of remove curse
Potions
 g - a potion of flight
 i - a potion of mutation {unknown}
Comestibles
 f - 7 rations


   Skills:
 + Level 5.5 Fighting
 + Level 5.7 Maces & Flails
 + Level 1.7 Throwing
 + Level 5.7 Armour
 + Level 2.1 Dodging
 + Level 0.1 Stealth
 + Level 5.9 Shields


You had 6 spell levels left.
You didn't know any spells.
Your spell library contained the following spells:

 Spells                   Type           Power        Failure   Level  Hunger
 Corona                   Hex            #......      78%         1    ##.....
 Ensorcelled Hibernation  Hex/Ice        #.....       89%         2    ###....
 Confuse                  Hex            #.......     98%         3    ####...
 Dazzling Spray           Conj/Hex       #.....       98%         3    ####...
 Tukima's Dance           Hex            #.......     98%         3    ####...


Dungeon Overview and Level Annotations

Branches:
Dungeon (5/15)
 Temple: D:4-7

Altars:
Nemelex Xobeh

Annotations:
D:5 Edmund


Innate Abilities, Weirdness & Mutations

You reflexively headbutt those who attack you in melee.
You have a pair of horns on your head.


Message History

The orc hits you from afar with a +0 trident.
* * * LOW HITPOINT WARNING * * *
Edmund hits you with a +2 flail of protection.
* * * LOW HITPOINT WARNING * * *
Edmund grinds his teeth, and then sighs.
Edmund hits you but does no damage.
Edmund throws a boomerang.
The boomerang hits you but does no damage.
The weapon returns to Edmund!
Edmund throws a boomerang.
The boomerang barely misses you.
The weapon returns to Edmund!
The orc priest casts a cantrip, but nothing happens.
Edmund throws a boomerang.
You block the boomerang.
The weapon returns to Edmund!
You block the orc's attack.
Edmund says, "I might not be good at magic, but I can still kill you!"
The orc barely misses you.
The orc priest invokes the aid of Beogh against you.
Beogh smites you!
You die...

#...#.................#
##....................#
####†................#
#########........Y........#
................[.........#
.#####....)......@.oo.....#
#####............o.......##
#.......................#
##..##..........@####....#
.........#.....### #....#
.......###.)..## ######
##..........###
#).o.......# #..........#
.....#......# #..###......#
..# #......#


You could see Edmund, a sky beast, an orc priest and 2 orcs.

Vanquished Creatures
  Pikel (D:5)
  An ogre (D:5)
  An orc priest (D:4)
  2 orc wizards (D:4)
  An iguana (D:5)
  3 worker ants
  A worker ant zombie (D:5)
  3 adders
  An ooze (D:3)
  A worm (D:3)
  A leopard gecko (D:2)
  4 orcs
  4 giant cockroaches
  4 goblins
  4 hobgoblins
  9 jackals
  4 quokkas
  2 ball pythons (D:3)
  5 bats
  2 frilled lizards (D:2)
  4 kobolds
  5 rats
63 creatures vanquished.

Vanquished Creatures (others)
  An adder (D:5)
  A giant cockroach (D:5)
2 creatures vanquished.

Grand Total: 65 creatures vanquished

Notes
Turn   | Place    | Note
-------+----------+-------------------------------------------
     0 | D:1      | Mahalath the Minotaur Fighter began the quest for the Orb.
     0 | D:1      | Reached XP level 1. HP: 19/19 MP: 0/0
    92 | D:1      | Reached XP level 2. HP: 27/27 MP: 1/1
   252 | D:2      | Found a sparkling altar of Nemelex Xobeh.
   321 | D:2      | Reached XP level 3. HP: 31/33 MP: 2/2
   483 | D:2      | Reached XP level 4. HP: 31/40 MP: 3/3
   620 | D:3      | Reached skill level 5 in Shields
   857 | D:4      | Reached skill level 1 in Dodging
   857 | D:4      | Reached XP level 5. HP: 25/47 MP: 4/4
  1070 | D:5      | Entered Level 5 of the Dungeon
  1070 | D:5      | Noticed Edmund
  1291 | D:5      | Noticed a slave
  1293 | D:5      | Noticed a slave
  1296 | D:5      | Noticed a slave
  1298 | D:5      | Noticed Pikel
  1314 | D:5      | Noticed a slave
  1337 | D:5      | HP: 2/47 [Pikel/+1 whip of flaming (1)]
  1341 | D:5      | Killed Pikel
  1341 | D:5      | Reached skill level 5 in Fighting
  1341 | D:5      | Reached skill level 5 in Maces & Flails
  1341 | D:5      | Reached skill level 1 in Throwing
  1341 | D:5      | Reached skill level 5 in Armour
  1341 | D:5      | Reached XP level 6. HP: 16/56 MP: 5/5
  1341 | D:5      | Reached XP level 7. HP: 17/61 MP: 6/6
  1474 | D:5      | Killed from afar by an orc priest

Levels and vault maps discovered:
D:1:      minmay_arrival_plants_in_alcoves, layout_loops_ring
D:2:      layout_rooms, first_ration, nemelex_xobeh_ov_fountains_minmay
D:3:      minmay_bubble_buster, layout_basic, lemuel_doored_altar
D:4:      layout_layer_cave, hangedman_decor_riveting
D:5:      layout_rooms, serial_curves, eino_curves_03, eino_curves_04,
          minmay_joined_circles, uniq_edmund, uniq_pikel

Skill      XL: |  1  2  3  4  5 |
---------------+----------------+-----
Shields        | 4 5 |  5.9
Fighting       | 4 5 |  5.5
Maces & Flails | 3 5 |  5.7
Armour         | 4 5 |  5.7
Dodging        | 1 2 |  2.1
Throwing       | 1 |  1.7
Stealth        | |  0.1

Action                   |  1- 3 |  4- 6 |  7- 9 || total
-------------------------+-------+-------+-------++-------
Melee: Flail             |    95 |   103 |    10 ||   208
       Headbutt          |    15 |    25 |     2 ||    42
Throw: Dart              |       |    17 |     1 ||    18
  Use: Potion            |       |     3 |     1 ||     4
       Scroll            |       |     4 |       ||     4
  Eat: Ration            |       |     1 |       ||     1
Armor: Scale mail        |    62 |    64 |     5 ||   131
Dodge: Dodged            |    53 |    58 |     8 ||   119
Block: Shield            |    62 |       |       ||    62
       Buckler           |     4 |    32 |     3 ||    39
